[Event "Odense-ch Mester-1 2018"]
[Site "Odense"]
[Date "2018.10.12"]
[Round "1"]
[White "Ostergaard, Rasmus"]
[Black "Thorsbro, Peter"]
[Result "1-0"]
[ECO "A45"]
[WhiteElo "2114"]
[BlackElo "2101"]
[Annotator "ChessBase"]
[PlyCount "30"]
[EventDate "2018.10.12"]
[EventType "tourn"]
[EventCountry "DEN"]
[SourceTitle "playchess.com"]
[Source "ChessBase"]
[SourceQuality "1"]
[TimeControl "40/5400+30:1800+30"]

1. d4 Nf6 2. Bg5 d5 3. e3 c6 4. Bd3 g6 5. Nf3 Bg7 6. O-O O-O 7. c4 Re8 8. cxd5 cxd5 9. Nc3 Nc6 10. Qb3 e6 11. h3 Na5 12. Qc2 Bd7 13. Ne5 Qc7 14. Bxf6 Bxf6 15. Nxd5 Bxe5 1-0

[Event "Odense-ch Mester-1 2018"]
[Site "Odense"]
[Date "2018.10.12"]
[Round "1"]
[White "Rossen, Claus"]
[Black "Filip Rendboe (2088), FM John"]
[Result "0-1"]
[ECO "B34"]
[WhiteElo "2104"]
[BlackElo "2088"]
[Annotator "ChessBase"]
[PlyCount "28"]
[EventDate "2018.10.12"]
[EventType "tourn"]
[EventCountry "DEN"]
[SourceTitle "playchess.com"]
[Source "ChessBase"]
[SourceQuality "1"]
[TimeControl "40/5400+30:1800+30"]

1. e4 c5 2. Nf3 Nc6 3. d4 cxd4 4. Nxd4 Nf6 5. Nc3 e5 6. Ndb5 d6 7. Nd5 Nxd5 8. exd5 Ne7 9. c3 Nf5 10. g4 Nh4 11. Qa4 Bd7 12. Qb4 a6 13. Nxd6+ Bxd6 14. Qxd6 Nf3+ 0-1

[Event "Odense-ch Mester-1 2018"]
[Site "Odense"]
[Date "2018.10.12"]
[Round "1"]
[White "Thestrup Østergaard (2075), Rasmus"]
[Black "Thorsbro, Peter"]
[Result "1-0"]
[ECO "A45"]
[WhiteElo "2075"]
[BlackElo "2101"]
[Annotator "ChessBase"]
[PlyCount "29"]
[EventDate "2018.10.12"]
[EventType "tourn"]
[EventCountry "DEN"]
[SourceTitle "playchess.com"]
[Source "ChessBase"]
[SourceQuality "1"]
[TimeControl "40/5400+30:1800+30"]

1. d4 Nf6 2. Bg5 d5 3. e3 c6 4. Bd3 g6 5. Nf3 Bg7 6. O-O O-O 7. c4 Re8 8. cxd5 cxd5 9. Nc3 Nc6 10. Qb3 e6 11. h3 Na5 12. Qc2 Bd7 13. Ne5 Qc7 14. Bxf6 Bxf6 15. Nxd5 1-0

[Event "Odense-ch Mester-1 2018"]
[Site "Odense"]
[Date "2018.10.13"]
[Round "3"]
[White "Rossen, Claus"]
[Black "Easwaralingam, Adesh"]
[Result "1-0"]
[ECO "B23"]
[WhiteElo "2104"]
[BlackElo "2159"]
[Annotator "NA"]
[PlyCount "71"]
[EventDate "2018.10.12"]
[EventType "tourn"]
[EventCountry "DEN"]
[SourceTitle "playchess.com"]
[Source "ChessBase"]
[SourceQuality "1"]
[TimeControl "40/5400+30:1800+30"]

1. e4 c5 2. Nc3 a6 3. a4 e6 4. g3 Nc6 5. Bg2 Nf6 6. Nge2 d6 7. O-O Be7 8. d4 cxd4 9. Nxd4 Nxd4 10. Qxd4 e5 11. Qd3 O-O 12. a5 Be6 13. Bg5 Qc7 14. Bxf6 Bxf6 15. Rfd1 Rfd8 16. Nd5 Bxd5 17. Qxd5 Qd7 18. c4 Rac8 19. b4 Qc6 20. Bf1 Kf8 21. b5 Qxd5 22. Rxd5 Rc5 23. Rb1 Rxd5 24. cxd5 Bg5 25. bxa6 bxa6 26. Rb6 Ra8 27. Rxd6 Bd2 28. Rd7 Ke8 29. Rb7 Bxa5 30. d6 Rd8 31. Re7+ Kf8 32. Bc4 f6 33. Rf7+ Kg8 34. Rxf6+ Kh8 35. Re6 Bb4 36. d7 1-0

[Event "Odense-ch Mester-1 2018"]
[Site "Odense"]
[Date "2018.10.14"]
[Round "4"]
[White "Le Besq, Alexander"]
[Black "Thorsbro, Peter"]
[Result "1-0"]
[ECO "C92"]
[WhiteElo "2113"]
[BlackElo "2101"]
[Annotator "NA"]
[PlyCount "117"]
[EventDate "2018.10.12"]
[EventType "tourn"]
[EventCountry "DEN"]
[SourceTitle "playchess.com"]
[Source "ChessBase"]
[SourceQuality "1"]
[TimeControl "40/5400+30:1800+30"]

1. e4 e5 2. Nf3 Nc6 3. Bb5 a6 4. Ba4 Nf6 5. O-O Be7 6. Re1 b5 7. Bb3 O-O 8. h3 d6 9. c3 Bb7 10. d4 h6 11. Nbd2 Re8 12. Nf1 Bf8 13. Ng3 Na5 14. Bc2 c5 {[%emt 0:00:32] LiveBook: 24 Games} 15. d5 Bc8 {[%emt 0:05:31] C93: Closed Ruy Lopez: Smyslov Variation} (15... Nc4 16. b3 Nb6 17. Be3 g6 18. Qd2 Kh7 19. Nh2 a5 20. Bd3 b4 21. Bb5 Nbd7 22. a3 bxc3 23. Qxc3 {1-0 (50) Balogh,C (2616)-Melkumyan,H (2541) Kallithea 2008}) 16. Qe2 Qc7 17. b3 Bd7 18. c4 $146 ({Predecessor:} 18. Nh4 Nb7 19. c4 Rab8 20. Nhf5 bxc4 21. bxc4 Na5 22. Bd3 Rb4 23. Bd2 Rb2 24. Bxa5 {1-0 (24) Contardo Oyarzun,J (2074)-Escudero Donoso,F (2126) Santiago de Chile 2012}) 18... g6 19. Bb2 Bg7 20. Rf1 Rf8 21. Rae1 Rab8 22. Ba1 bxc4 23. bxc4 Nxc4 $2 ({Black should try} 23... h5 $14) 24. Qxc4 Bb5 25. Qc3 Bxf1 26. Nxf1 ({Bloß nicht} 26. Rxf1 $6 Rfc8 $16) 26... Nh5 27. Qa3 Nf4 28. Ne3 ({Weaker is} 28. Qxa6 c4 $16) 28... Qc8 29. Nc4 Rb4 30. Na5 ({Weaker is} 30. Nxd6 Qd8 $14) 30... f5 31. Nc6 Rb7 32. Nd2 fxe4 33. Bxe4 Rbf7 34. Qg3 Kh7 35. Nf3 Rf6 36. Nh4 Qe8 37. Bc3 Kh8 38. Bd2 g5 39. Nf3 Qf7 40. h4 gxh4 41. Nxh4 Nxd5 42. Ng6+ Rxg6 43. Bxg6 Qc7 44. Na5 c4 $18 (44... Nf4 45. Bc2 Qf7) 45. Bc2 Nf4 46. Bxf4 Rxf4 47. Qg6 Kg8 48. Rb1 Qa7 49. Qg3 Rf7 50. Bg6 Rc7 51. Be4 Qc5 52. Rb8+ Rc8 53. Bd5+ Kh8 54. Rxc8+ Qxc8 55. Nxc4 Qc5 56. Qf3 Qb4 57. Qf7 Qb8 58. Nxd6 e4 59. Qe8+ 1-0

[Event "Odense-ch Mester-1 2018"]
[Site "Odense"]
[Date "2018.10.14"]
[Round "5"]
[White "Ostergaard, Rasmus"]
[Black "Easwaralingam, Adesh"]
[Result "0-1"]
[ECO "A13"]
[WhiteElo "2114"]
[BlackElo "2159"]
[Annotator "NA"]
[PlyCount "64"]
[EventDate "2018.10.12"]
[EventType "tourn"]
[EventCountry "DEN"]
[SourceTitle "playchess.com"]
[Source "ChessBase"]
[SourceQuality "1"]
[TimeControl "40/5400+30:1800+30"]

1. Nf3 Nf6 2. b3 d5 3. e3 e6 4. Bb2 b6 5. c4 Bb7 6. Be2 Be7 7. O-O O-O 8. cxd5 Nxd5 9. d4 Nd7 10. Nbd2 c5 11. Rc1 Rc8 12. Nc4 Qc7 13. dxc5 Bxc5 14. Nfe5 Nxe5 15. Bxe5 Qe7 16. Bd4 Qg5 17. Bf3 Rfd8 18. Bxc5 Nc3 19. Be7 Qxe7 20. Qc2 Bxf3 21. gxf3 Qg5+ 22. Kh1 Qh5 23. Qxc3 Qxf3+ 24. Kg1 Rc5 25. Ne5 Qf5 26. Qb4 Rxe5 27. Qe7 Qg4+ 28. Kh1 Qf3+ 29. Kg1 Rf8 30. Rfd1 h6 31. Rd7 Rg5+ 32. Kf1 Qh1+ 0-1

[Event "Odense-ch Mester-1 2018"]
[Site "Odense"]
[Date "2018.10.14"]
[Round "5"]
[White "Thorsbro, Peter"]
[Black "Rossen, Claus"]
[Result "1/2-1/2"]
[ECO "A42"]
[WhiteElo "2101"]
[BlackElo "2104"]
[Annotator "ChessBase"]
[PlyCount "112"]
[EventDate "2018.10.12"]
[EventType "tourn"]
[EventCountry "DEN"]
[SourceTitle "playchess.com"]
[Source "ChessBase"]
[SourceQuality "1"]
[TimeControl "40/5400+30:1800+30"]

1. d4 g6 2. c4 Bg7 3. e4 d6 4. Nc3 Nc6 5. Be3 e5 6. Nge2 exd4 7. Nxd4 Nge7 8. Be2 O-O 9. O-O f5 10. exf5 Nxf5 11. Nxf5 Bxf5 12. c5 Kh8 13. cxd6 Qxd6 14. Qxd6 cxd6 15. Rad1 Be5 16. Rd2 Be6 17. Rfd1 a6 18. Nd5 Bxd5 19. Rxd5 Bxb2 20. Rxd6 Rad8 21. Rxd8 Rxd8 22. Rb1 Bd4 23. Rxb7 Bxe3 24. fxe3 Rd2 25. Bxa6 Rxa2 26. Bb5 Ne5 27. Re7 Ng4 28. h3 Ra1+ 29. Bf1 Nh2 30. Kxh2 Rxf1 31. Kg3 Kg8 32. Kg4 h6 33. g3 Rf2 34. Ra7 Rf5 35. Ra3 h5+ 36. Kh4 Rf3 37. g4 Kf7 38. Ra7+ Kf8 39. Ra8+ Kf7 40. Ra7+ Kf8 41. gxh5 gxh5 42. Ra3 Kf7 43. Kxh5 Rxh3+ 44. Kg4 Rh1 45. Kf5 Rh5+ 46. Ke4 Ke6 47. Ra6+ Ke7 48. Kd4 Rg5 49. e4 Rh5 50. Ke3 Rb5 51. Kf4 Rc5 52. Rh6 Rb5 53. Ra6 Rc5 54. Ke3 Rb5 55. Kd4 Rh5 56. e5 Rh1 1/2-1/2